 Dungeon Crawl Stone Soup version 0.23.0 (webtiles) character file.

Game seed: 11966502132492645164

35216 grindst0ne the Fighter (level 13, -10/186 HPs)
             Began as a Centaur Hunter on Feb 10, 2019.
             Was the Champion of Okawaru.
             Mangled by Deesahac's ghost (16 damage)
             ... on level 3 of the Lair of Beasts.
             The game lasted 00:52:39 (20591 turns).

grindst0ne the Fighter (Centaur Hunter)            Turns: 20591, Time: 00:52:39

Health: -10/186    AC: 14    Str: 21    XL:     13   Next: 46%
Magic:  22/22      EV: 12    Int: 10    God:    Okawaru [******]
Gold:   890        SH:  0    Dex: 14    Spells: 12/12 levels left

rFire    + . .     SeeInvis +   b - +4 trident (pierce)
rCold    . . .     Gourm    .   (no shield)
rNeg     . . .     Faith    .   i - +0 troll leather armour
rPois    .         Spirit   .   C - +2 helmet
rElec    .         Reflect  .   P - +2 cloak of the Thief {+Fog Slay-2 SInv Stlth+}
rCorr    +         Harm     .   Q - +2 pair of gloves
MR       .....                  (no barding)
Stlth    ..........             (no amulet)
HPRegen  0.81/turn              k - ring of protection from fire
MPRegen  0.18/turn              h - ring of resist corrosion

@: mighty, berserking, studying Shields, very quick
A: large, hooves 3, deformed body, speed 2, tough skin 3
a: Heroism, Finesse, Renounce Religion, Evoke Fog


You were on level 3 of the Lair of Beasts.
You worshipped Okawaru.
Okawaru was exalted by your worship.
You were not hungry.

You visited 3 branches of the dungeon, and saw 16 of its levels.
You also visited: Sewer and Bailey.

You collected 890 gold pieces.

Inventory:

Hand Weapons
 a - a +3 longbow of flaming
 b - a +4 trident of piercing (weapon)
 c - the +7 long sword of Xom's Displeasure {pain, +Fly MR- Int+2}
   (You found it on level 12 of the Dungeon)

   In the hands of one skilled in necromantic magic, it inflicts extra damage on
   living creatures.
   It affects your intelligence (+2).
   It affects your resistance to hostile enchantments.
   It lets you fly.
 t - a +0 broad axe
Missiles
 d - 97 arrows
 D - 2 throwing nets (quivered)
 I - 49 tomahawks of returning
Armour
 i - a +0 troll leather armour (worn)
 C - a +2 helmet (worn)
 P - the +2 cloak of the Thief (worn) {+Fog Slay-2 SInv Stlth+}
   (You found it on level 7 of the Dungeon)

   It affects your accuracy and damage with ranged weapons and melee attacks
   (-2).
   It lets you see invisible.
   It makes you more stealthy.
 Q - a +2 pair of gloves (worn)
Jewellery
 h - a ring of resist corrosion (right hand)
 k - a ring of protection from fire (left hand)
 A - an uncursed ring of flight
Wands
 g - a wand of clouds (5)
 w - a wand of disintegration (13)
 F - a wand of paralysis (3)
 G - a wand of flame (16)
 H - a wand of iceblast (17)
 R - a wand of acid (11)
Scrolls
 e - a scroll of enchant weapon
 l - 2 scrolls of identify
 n - 9 scrolls of teleportation
 o - 8 scrolls of remove curse
 p - 3 scrolls of magic mapping {unknown}
 r - 2 scrolls of fear {unknown}
 s - 3 scrolls of blinking {unknown}
 v - 2 scrolls of amnesia
 y - a scroll of fog
 N - a scroll of random uselessness {unknown}
 O - 4 scrolls of enchant armour
 U - a scroll of acquirement {unknown}
 W - 2 scrolls of vulnerability {unknown}
 Z - a scroll of holy word
Potions
 j - 5 potions of resistance
 m - 2 potions of magic
 q - a potion of cancellation
 u - a potion of haste
 x - 3 potions of flight
 B - 2 potions of berserk rage
 E - 3 potions of mutation
 J - 3 potions of heal wounds
 K - 4 potions of agility
 L - 2 potions of might
 M - a potion of brilliance
 S - a potion of ambrosia
 Y - a potion of curing
Books
 T - a manual of Shields
Miscellaneous
 z - a lightning rod (4/4)
Comestibles
 f - 42 rations


   Skills:
 + Level 14.3 Fighting
 + Level 14.1 Bows
 + Level 5.1 Dodging
 - Level 0.4 Stealth
 - Level 12.0 Invocations
 - Level 6.0 Evocations


You had 12 spell levels left.
You didn't know any spells.
Your spell library contained the following spells:

 Spells                   Type           Power        Failure   Level  Hunger
 Sting                    Conj/Pois      #...         41%         1    ##.....
 Corpse Rot               Necr           N/A          54%         2    ###....
 Poisonous Vapours        Pois/Air       #.....       54%         2    ###....
 Sublimation of Blood     Necr           #.........   54%         2    ###....
 Dazzling Spray           Conj/Hex       #.....       78%         3    ####...
 Gell's Gravitas          Tloc           #.........   78%         3    ####...
 Inner Flame              Hex/Fire       #.......     78%         3    ####...
 Mephitic Cloud           Conj/Pois/Air  #.......     78%         3    ####...
 Teleport Other           Tloc           #.......     78%         3    ####...
 Tukima's Dance           Hex            #.......     78%         3    ####...
 Olgreb's Toxic Radiance  Pois           #.......     99%         4    #####..
 Agony                    Necr           #.......     100%        5    ######.
 Bolt of Draining         Conj/Necr      #.........   100%        5    ######.
 Dispel Undead            Necr           #.......     100%        5    ######.
 Excruciating Wounds      Chrm/Necr      #.........   100%        5    ######.
 Venom Bolt               Conj/Pois      #.........   100%        5    ######.


Dungeon Overview and Level Annotations

Branches:
Dungeon (12/15)            Temple (1/1) D:7            Lair (3/6) D:11
    Orc (0/2) D:11
  Swamp: Lair:2-4    Shoals: Lair:2-4     Snake: Lair:2-4    Spider: Lair:2-4

Altars:
Ashenzari
Cheibriados
Dithmenos
Elyvilon
Fedhas
Gozag
Hepliaklqana
Kikubaaqudgha
Makhleb
Nemelex Xobeh
Okawaru
Qazlal
Trog
Uskayaw
Wu Jian
Xom
Yredelemnul
The Shining One
Beogh

Annotations:
D:7 exclusion: downstairs
Lair:1 exclusion: oklob plant
Lair:3 1 transporter, Deesahac's ghost, journeyman BaFi


Innate Abilities, Weirdness & Mutations

You have hooves in place of feet.
Armour fits poorly on your strangely shaped body.
You cover ground very quickly.
You have extremely tough skin. (AC +3)


Message History

[Y]es or [N]o only, please.
Really attack while wielding your +3 longbow of flaming? [Y]es or [N]o only, please.
Really attack while wielding your +3 longbow of flaming?
Okay, then.
Your +3 longbow of flaming stops flaming.
b - a +4 trident of piercing (weapon)
The spriggan hits you with a +0 short sword!
* * * LOW HITPOINT WARNING * * *
Deesahac's ghost hits you but does no damage.
The moth of wrath bites you but does no damage.
The spriggan rider hits you from afar with the +5 spear "Gig Lunos" {flame, rF+ rC- Dex+5}!!
* * * LOW HITPOINT WARNING * * *
You closely miss the spriggan. Your kick misses the spriggan.
The moth of wrath closely misses you. The spriggan closely misses you.
The moth of wrath misses you. The spriggan blocks your attack.
Your kick misses the spriggan.
Deesahac's ghost hits you but does no damage.
You are electrocuted!
You die...

..#.P#.....†..^.....P##....
..........................
.........#####..........###
...#...###...###..#.....#..
......###......##........(.
......#.####....#...>....#
.....##..#≈#....##......##.
.<...#....|[..iiy#..........
#...©#....:_.#iW@#©.......P.
.....#..##/..§##y#.........#
.....##.#≈#.###i##..........
......### #.#..##..##......#
......## #.....##.#......###
.......###i©.###..##.......#
#........#####....##..#...#
.......#..............#....
..............###....####..


You could see a spriggan rider, 2 moths of wrath, 3 spriggans and Deesahac's
ghost.

Vanquished Creatures
  Gastronok (D:9)
  An orc warlord (Bailey)
  A hydra (Lair:2)
  A two-headed ogre (D:10)
  A queen ant (D:10)
  A tengu warrior (D:10)
  Urug (D:11)
  An unseen horror (D:9)
  An orc knight (Bailey)
  3 ugly things
  A manticore (D:11)
  Joseph (D:9)
  A gargoyle (D:12)
  2 spiny frogs
  The ghost of Turgon the Insei, a novice OpFi of Kikubaaqudgha (D:7)
  A komodo dragon (Lair:1)
  3 trolls (D:11)
  5 slime creatures (D:9)
  8 blink frogs (Lair:1)
  6 hippogriffs
  A wyvern (Lair:2)
  A vampire (D:10)
  A spriggan (D:7)
  11 yaks
  A basilisk (Lair:1)
  2 steam dragons
  4 vampire mosquitoes (D:7)
  9 soldier ants (D:10)
  3 water moccasins
  7 porcupines
  10 orc warriors
  An ice beast (D:6)
  3 sky beasts
  2 eyes of draining
  5 phantoms
  7 ogres
  7 centaurs
  7 wolves (Lair:2)
  6 bullfrogs
  Blork the orc (D:5)
  3 big kobolds
  3 gnoll sergeants (D:11)
  A wyvern zombie (D:10)
  2 scorpions
  A water moccasin zombie (D:8)
  4 killer bees
  5 wights (D:8)
  4 howler monkeys
  6 crimson imps
  2 jellies
  2 centaur zombies
  2 quasits
  2 centaur skeletons
  5 hounds
  4 orc priests
  7 orc wizards
  A bullfrog skeleton (D:10)
  Crazy Yiuf (D:7)
  2 iguanas
  33 worker ants
  A killer bee zombie (D:6)
  2 ogre zombies (D:4)
  4 hound skeletons
  2 worker ant zombies (D:3)
  18 gnolls
  A howler monkey zombie (D:3)
  17 adders
  A howler monkey skeleton (D:9)
  An orc zombie (D:4)
  2 river rats (D:6)
  2 shadow imps
  5 oozes (Sewer)
  2 adder zombies
  An adder skeleton (D:4)
  10 worms
  3 dart slugs
  5 leopard geckos
  31 orcs
  7 giant cockroaches
  8 goblins
  14 hobgoblins
  21 jackals
  5 quokkas
  6 ball pythons
  15 bats
  7 frilled lizards
  2 giant cockroach zombies (D:3)
  A jackal skeleton (D:3)
  24 kobolds
  3 leopard gecko zombies
  A quokka skeleton (D:3)
  13 rats
  A plant (D:11)
  A withered plant (D:3)
457 creatures vanquished.

Vanquished Creatures (others)
  2 fungi (Lair:2)
  A plant (Lair:2)
3 creatures vanquished.

Grand Total: 460 creatures vanquished

Notes
Turn   | Place    | Note
-------+----------+-------------------------------------------
     0 | D:1      | grindst0ne the Centaur Hunter began the quest for the Orb.
     0 | D:1      | Reached XP level 1. HP: 17/17 MP: 1/1
   202 | D:1      | Reached XP level 2. HP: 25/25 MP: 2/2
   920 | D:2      | Reached XP level 3. HP: 30/30 MP: 3/3
  1188 | D:2      | Found a faded altar of an unknown god.
  1259 | D:2      | Reached XP level 4. HP: 38/38 MP: 4/4
  2193 | D:2      | Reached XP level 5. HP: 34/46 MP: 5/5
  3250 | D:3      | Reached XP level 6. HP: 53/53 MP: 6/6
  3830 | D:4      | Reached skill level 5 in Fighting
  3928 | D:4      | Found a snail-covered altar of Cheibriados.
  4212 | D:4      | Found a transporter.
  4414 | D:4      | Found a transporter.
  5216 | D:5      | Entered Level 5 of the Dungeon
  5249 | D:5      | Noticed a sky beast
  5265 | D:5      | Killed a sky beast
  5265 | D:5      | Reached XP level 7. HP: 30/62 MP: 7/7
  5988 | D:5      | Noticed Blork the orc
  6005 | D:5      | Killed Blork the orc
  6300 | D:5      | Reached skill level 10 in Bows
  6300 | D:5      | Reached XP level 8. HP: 52/71 MP: 8/8
  7338 | D:6      | Found a glowing golden altar of the Shining One.
  7390 | D:6      | Found a glowing drain.
  7418 | Sewer    | Entered a sewer
  8482 | D:6      | Reached XP level 9. HP: 82/82 MP: 9/9
  8638 | D:6      | Found a white marble altar of Elyvilon.
  8710 | D:6      | Found a basalt altar of Yredelemnul.
  9004 | D:7      | Found a staircase to the Ecumenical Temple.
  9425 | D:7      | Found a runed translucent gate.
  9426 | D:7      | Found a runed translucent gate.
  9426 | D:7      | Noticed Turgon's ghost (novice OpFi)
  9426 | D:7      | Identified the +3 flail of the Scorpion {antimagic, Dex+5}
  9426 | D:7      | Identified the +7 chain mail of Vanity {rF+ MR+ rCorr}
  9427 | D:7      | Found a runed translucent gate.
  9463 | D:7      | Found a roughly hewn altar of Beogh.
  9464 | D:7      | Found the +2 cloak of the Thief {+Fog Slay-2 SInv Stlth+}
  9532 | D:7      | Killed Turgon's ghost
  9532 | D:7      | Reached skill level 10 in Fighting
  9807 | D:7      | Found a shadowy altar of Dithmenos.
  9910 | D:7      | Found a runed translucent door.
  9911 | D:7      | Noticed Crazy Yiuf
  9935 | D:7      | Killed Crazy Yiuf
 10039 | Temple   | Entered the Ecumenical Temple
 10044 | Temple   | Became a worshipper of Warmaster Okawaru
 10428 | D:7      | Reached XP level 10. HP: 24/94 MP: 10/10
 10745 | D:7      | Reached * piety under Okawaru
 11055 | D:8      | Found an ornate altar of the Wu Jian Council.
 11055 | D:8      | Found an ancient bone altar of Kikubaaqudgha.
 11055 | D:8      | Found a burning altar of Makhleb.
 11055 | D:8      | Found an opulent altar of Gozag.
 11062 | D:8      | Found a shattered altar of Ashenzari.
 11062 | D:8      | Found a bloodstained altar of Trog.
 11506 | D:8      | Noticed a green ugly thing
 11531 | D:8      | Killed a green ugly thing
 11531 | D:8      | Reached skill level 1 in Invocations
 11531 | D:8      | Reached skill level 1 in Evocations
 11811 | D:9      | Reached ** piety under Okawaru
 11949 | D:9      | Found a flagged portal.
 12014 | Bailey   | Entered a bailey
 12130 | Bailey   | Noticed an orc warlord
 12259 | Bailey   | Noticed an orc knight
 12296 | Bailey   | Killed an orc knight
 12296 | Bailey   | Reached *** piety under Okawaru
 12296 | Bailey   | Reached skill level 5 in Invocations
 12430 | Bailey   | Found a runed translucent gate.
 12430 | Bailey   | Found a runed translucent gate.
 12430 | Bailey   | Found a runed translucent gate.
 12817 | Bailey   | Killed an orc warlord
 12817 | Bailey   | Reached XP level 11. HP: 32/103 MP: 13/15
 12903 | Bailey   | Reached skill level 5 in Dodging
 12903 | Bailey   | Reached XP level 12. HP: 55/113 MP: 16/16
 13241 | D:9      | Found a shattered altar of Ashenzari.
 13464 | D:9      | Noticed Joseph
 13477 | D:9      | Killed Joseph
 13596 | D:9      | Noticed Gastronok
 13647 | D:9      | Killed Gastronok
 13825 | D:9      | Reached **** piety under Okawaru
 14067 | D:10     | Entered Level 10 of the Dungeon
 14085 | D:10     | Noticed a two-headed ogre
 14091 | D:10     | Killed a two-headed ogre
 14446 | D:10     | Noticed a queen ant
 14996 | D:10     | Killed a queen ant
 15437 | D:10     | Reached skill level 5 in Evocations
 16048 | D:11     | Noticed a tengu warrior
 16096 | D:10     | Reached ***** piety under Okawaru
 16507 | D:10     | Killed a tengu warrior
 16595 | D:11     | Identified Easy Spellcasting
 16635 | D:11     | Found a staircase to the Lair.
 16671 | D:11     | Received a gift from Okawaru
 16693 | D:11     | Found a stormy altar of Qazlal.
 17047 | D:11     | Received a gift from Okawaru
 17210 | D:11     | Reached skill level 10 in Invocations
 17345 | D:11     | Found a staircase to the Orcish Mines.
 17518 | D:11     | Noticed Urug
 17537 | D:11     | Killed Urug
 17789 | D:12     | Reached XP level 13. HP: 123/123 MP: 20/20
 17868 | D:12     | Got a bloodstained long sword
 17874 | D:12     | Identified the +7 long sword of Xom's Displeasure {pain,
                  | +Fly MR- Int+2} (You found it on level 12 of the Dungeon)
 17908 | D:12     | Found an opulent altar of Gozag.
 18100 | D:12     | Received a gift from Okawaru
 18778 | Lair:1   | Entered Level 1 of the Lair of Beasts
 19409 | Lair:1   | Found a snail-covered altar of Cheibriados.
 19691 | Lair:2   | Reached ****** piety under Okawaru
 19738 | Lair:2   | Received a gift from Okawaru
 20428 | Lair:3   | Found a transporter.
 20490 | Lair:3   | Found a transporter.
 20495 | Lair:3   | Found a bloodstained altar of Trog.
 20495 | Lair:3   | Noticed Deesahac's ghost (journeyman BaFi)
 20512 | Lair:3   | Identified the +5 spear "Gig Lunos" {flame, rF+ rC- Dex+5}
 20589 | Lair:3   | HP: 5/186 [spriggan rider/the +5 spear "Gig Lunos" {flame,
                  | rF+ rC- Dex+5} (18)]
 20591 | Lair:3   | Mangled by Deesahac's ghost

Skill      XL: |  1  2  3  4  5  6  7  8  9 10 11 12 13 |
---------------+----------------------------------------+-----
Bows           | 6 7 8 10 11 13 14 | 14.1
Fighting       | 3 4 5 6 8 10 11 12 13 14 | 14.3
Invocations    | 6 10 12 | 12.0
Evocations     | 3 6 |  6.0
Dodging        | 5 |  5.1
Stealth        | |  0.4

Action                   |  1- 3 |  4- 6 |  7- 9 | 10-12 | 13-15 || total
-------------------------+-------+-------+-------+-------+-------++-------
Melee: Short sword       |       |    40 |       |    18 |       ||    58
       Kick              |       |    19 |       |     4 |     7 ||    30
       Shortbow          |       |     1 |       |       |       ||     1
       Trident           |       |       |       |       |    17 ||    17
 Fire: Shortbow          |   112 |   276 |   429 |  1008 |   310 ||  2135
       Longbow           |       |       |       |       |    55 ||    55
Throw: Tomahawk          |       |       |       |    24 |       ||    24
Invok: Heroism           |       |       |       |     1 |       ||     1
Evoke: Wand              |       |       |       |     8 |       ||     8
  Use: Scroll            |       |     4 |     9 |     5 |     4 ||    22
       Potion            |       |     7 |     1 |     6 |     2 ||    16
  Eat: Chunk             |       |     8 |    11 |    14 |     7 ||    40
       Ration            |       |     1 |       |     1 |       ||     2
Armor: Leather armour    |     5 |    34 |    49 |   101 |       ||   189
       Skin              |       |     7 |       |       |       ||     7
       Troll leather arm |       |       |       |    21 |    47 ||    68
Dodge: Dodged            |     7 |    74 |    53 |   146 |    58 ||   338
